EL
JACKSON GENERALS @ CHATTANOOGA LOOKOUTS
09/20/2045
 
TOP OF THE 1ST
Jackson Generals batting - Pitching for Chattanooga Lookouts : LHP Kazuo Nishihara
Pitching: LHP Kazuo Nishihara
Batting: RHB Malik Brookshire 0-0: Ground out 6-3 (Groundball, 56, EV 80.0 MPH)
Batting: RHB Harutomi Matsubara 0-0: Ground out U3 (Groundball, 34, EV 101.9 MPH)
Batting: RHB Eddie LaRose 0-0: Foul Ball, location: 2F
0-1: Swinging Strike
0-2: Ground out 6-3 (Groundball, 6, EV 87.5 MPH)
Top of the 1st over - 0 runs, 0 hits, 0 errors, 0 left on base; Jackson 0 - Chattanooga 0
BOTTOM OF THE 1ST
Chattanooga Lookouts batting - Pitching for Jackson Generals : RHP Takaaki Nakada
Pitching: RHP Takaaki Nakada
Batting: RHB Mike Craver 0-0: Called Strike
0-1: Foul Ball, location: 2F
0-2: Ball
1-2: Ball
2-2: Ground out 4-3 (Groundball, 4S, EV 89.4 MPH)
Batting: LHB Israel Montoya 0-0: Swinging Strike
0-1: Ball
1-1: SINGLE (Groundball, 4MD, EV 95.6 MPH)
Batting: RHB Matt Dunn 0-0: Called Strike
0-1: Ball
Israel Montoya is caught stealing 2nd base 2-4
1-1: Ball
2-1: Foul Ball, location: 2F
2-2: Foul Ball, location: 2F
2-2: Ball
3-2: Fly out, F8 (Line Drive, 8LD, EV 103.8 MPH)
Bottom of the 1st over - 0 runs, 1 hit, 0 errors, 0 left on base; Jackson 0 - Chattanooga 0
TOP OF THE 2ND
Jackson Generals batting - Pitching for Chattanooga Lookouts : LHP Kazuo Nishihara
Batting: RHB Robby Cuellar 0-0: Ground out 5-3 (Groundball, 56, EV 110.0 MPH)
Batting: LHB Jerrod Cluck 0-0: Ball
1-0: Ground out 6-3 (Groundball, 6, EV 101.9 MPH)
Batting: RHB Tony Vargas 0-0: SINGLE (Flyball, 34D, EV 88.1 MPH)
Batting: RHB Ivan Colon 0-0: Swinging Strike
0-1: Called Strike
0-2: Foul Ball, location: 2F
0-2: Ground out 5-3 (Groundball, 56S, EV 82.5 MPH)
Top of the 2nd over - 0 runs, 1 hit, 0 errors, 1 left on base; Jackson 0 - Chattanooga 0
BOTTOM OF THE 2ND
Chattanooga Lookouts batting - Pitching for Jackson Generals : RHP Takaaki Nakada
Batting: RHB Isaiah Easter 0-0: Ball
1-0: DOUBLE (Line Drive, 8RXD, EV 97.5 MPH)
Batting: LHB Todd Beaver 0-0: Ball
1-0: Called Strike
1-1: Foul Ball, location: 2F
1-2: Ground out 6-3 (Groundball, 6, EV 86.9 MPH)
Isaiah Easter to third
Batting: LHB Bill Young 0-0: Foul Ball, location: 2F
0-1: Fly out, F7 (Flyball, 7LD, EV 83.8 MPH)
Runner from 3rd tags up, SCORES, no throw by LF
Batting: RHB Julian de Reus 0-0: Ball
1-0: Ball
2-0: Called Strike
2-1: Called Strike
2-2: Ground out 4-3 (Groundball, 34, EV 84.4 MPH)
Bottom of the 2nd over - 1 run, 1 hit, 0 errors, 0 left on base; Jackson 0 - Chattanooga 1
TOP OF THE 3RD
Jackson Generals batting - Pitching for Chattanooga Lookouts : LHP Kazuo Nishihara
Batting: RHB Rick Ellis 0-0: SINGLE (Groundball, 6S, EV 67.5 MPH) (infield hit)
Batting: LHB Caleb Domino 0-0: Ball
1-0: Foul Ball, location: 2F
1-1: Ball
2-1: Swinging Strike
2-2: Ball
3-2: Fly out, F8 (Flyball, 8RM, EV 80.0 MPH)
Batting: RHB Malik Brookshire 0-0: Ball
1-0: Ball
2-0: Foul Ball, location: 2F
2-1: SINGLE (Groundball, 56, EV 102.5 MPH) (infield hit)
Rick Ellis to second
Batting: RHB Harutomi Matsubara 0-0: Ball
1-0: Called Strike
1-1: SINGLE (Groundball, 6MD, EV 101.2 MPH) (infield hit)
Rick Ellis to third
Malik Brookshire to second
Pitching: RHP Matthew Lange
Batting: RHB Eddie LaRose 0-0: Ball
1-0: Called Strike
1-1: Foul Ball, location: 2F
1-2: Ball
2-2: Foul Ball, location: 2F
2-2: Ball
3-2: Fly out, F8 (Flyball, 8RXD, EV 110.6 MPH)
Runner from 3rd tags up, SCORES, no throw by CF
Malik Brookshire to third
Batting: RHB Robby Cuellar 0-0: Ball
1-0: Called Strike
1-1: DOUBLE (Flyball, 8RXD, EV 106.9 MPH)
Malik Brookshire scores
Harutomi Matsubara to third
Runner from 3rd tries for Home, SAFE, throw by CF to home
Batting: LHB Jerrod Cluck 0-0: Called Strike
0-1: Foul Ball, location: 2F
0-2: Ball
1-2: Ball
2-2: SINGLE (Groundball, 4D, EV 103.8 MPH)
Robby Cuellar to third
Batting: RHB Tony Vargas 0-0: Ball
1-0: Swinging Strike
1-1: Foul Ball, location: 2F
1-2: Ball
Jerrod Cluck steals 2nd base
2-2: Ball
3-2: Base on Balls
Pitching: RHP Justin Gorden
Batting: RHB Ivan Colon 0-0: Ball
1-0: Fly out, F8 (Line Drive, 8RM, EV 100.0 MPH)
Top of the 3rd over - 3 runs, 5 hits, 0 errors, 3 left on base; Jackson 3 - Chattanooga 1
BOTTOM OF THE 3RD
Chattanooga Lookouts batting - Pitching for Jackson Generals : RHP Takaaki Nakada
Batting: RHB Bobby Paredes 0-0: Fly out, F8 (Flyball, 8LS, EV 77.5 MPH)
Batting: LHB Marius Tadini 0-0: Ball
1-0: Ground out U3 (Groundball, 34, EV 91.2 MPH)
Batting: RHB Mike Craver 0-0: Swinging Strike
0-1: Fly out, F4 (Line Drive, 4, EV 67.5 MPH)
Bottom of the 3rd over - 0 runs, 0 hits, 0 errors, 0 left on base; Jackson 3 - Chattanooga 1
TOP OF THE 4TH
Jackson Generals batting - Pitching for Chattanooga Lookouts : RHP Justin Gorden
Batting: RHB Rick Ellis 0-0: Swinging Strike
0-1: Fly out, F9 (Flyball, 9D, EV 98.8 MPH)
Batting: LHB Caleb Domino 0-0: Ball
1-0: Called Strike
1-1: Ball
2-1: Ball
3-1: Foul Ball, location: 2F
3-2: Base on Balls
Batting: RHB Malik Brookshire 0-0: DOUBLE (Line Drive, 3D, EV 101.9 MPH)
Caleb Domino to third
Batting: RHB Harutomi Matsubara 0-0: Ball
1-0: Ball
2-0: Ball
3-0: Base on Balls
Batting: RHB Eddie LaRose 0-0: Ball
1-0: GRAND SLAM HOME RUN (Flyball, 89XD, EV 101.9 MPH), Distance : 411 ft
Pitching: RHP Toshiyuki Kawashima
Batting: RHB Robby Cuellar 0-0: Ball
1-0: Ball
2-0: Ball
3-0: Base on Balls
Batting: LHB Jerrod Cluck 0-0: Ball
1-0: Called Strike
1-1: SINGLE (Flyball, 4MD, EV 92.5 MPH)
Robby Cuellar to second
Batting: RHB Tony Vargas 0-0: DOUBLE (Line Drive, 89M, EV 101.2 MPH)
Robby Cuellar scores
Jerrod Cluck to third
Runner from 3rd tries for Home, SAFE, throw by CF to home
Batting: RHB Ivan Colon 0-0: Ball
1-0: Called Strike
1-1: SINGLE (Flyball, 56D, EV 87.5 MPH)
Tony Vargas to third
Batting: RHB Rick Ellis 0-0: Foul Ball, location: 2F
0-1: DOUBLE (Line Drive, 9LS, EV 115.0 MPH)
Tony Vargas scores
Ivan Colon to third
Runner from 3rd tries for Home, SAFE, no throw by RF
Pitching: LHP Mark Challinor
Batting: LHB Caleb Domino 0-0: Ball
1-0: Ball
2-0: Called Strike
2-1: Ground out 3-1 (Groundball, 34, EV 83.1 MPH)
Rick Ellis to third
Batting: RHB Malik Brookshire 0-0: SINGLE (Line Drive, 89M, EV 105.0 MPH)
Rick Ellis scores
Batting: RHB Harutomi Matsubara 0-0: Called Strike
0-1: Foul Ball, location: 2F
0-2: Ball
1-2: Foul Ball, location: 2F
1-2: Ball
2-2: 2-RUN HOME RUN (Flyball, 89XD, EV 110.6 MPH), Distance : 412 ft
Batting: RHB Eddie LaRose 0-0: Called Strike
0-1: Ball
1-1: Ball
2-1: Swinging Strike
2-2: Foul Ball, location: 2F
2-2: Foul Ball, location: 2F
2-2: Ball
3-2: Base on Balls
Pitching: RHP Miguel Verduzco
Batting: RHB Robby Cuellar 0-0: Ball
1-0: Called Strike
1-1: Fly out, F7 (Flyball, 78M, EV 88.1 MPH)
Top of the 4th over - 11 runs, 8 hits, 0 errors, 1 left on base; Jackson 14 - Chattanooga 1
BOTTOM OF THE 4TH
Chattanooga Lookouts batting - Pitching for Jackson Generals : RHP Takaaki Nakada
Batting: LHB Israel Montoya 0-0: Called Strike
0-1: Fly out, F8 (Line Drive, 8RD, EV 96.2 MPH)
Batting: RHB Matt Dunn 0-0: Foul Ball, location: 2F
0-1: Swinging Strike
0-2: Ball
1-2: Strikes out looking
Batting: RHB Isaiah Easter 0-0: Ball
1-0: Called Strike
1-1: Swinging Strike
1-2: Ball
2-2: Strikes out swinging
Bottom of the 4th over - 0 runs, 0 hits, 0 errors, 0 left on base; Jackson 14 - Chattanooga 1
TOP OF THE 5TH
Jackson Generals batting - Pitching for Chattanooga Lookouts : RHP Miguel Verduzco
Batting: LHB Jerrod Cluck 0-0: Ball
1-0: Ball
2-0: Ball
3-0: Called Strike
3-1: Base on Balls
Batting: RHB Tony Vargas 0-0: Called Strike
0-1: Foul Ball, location: 2F
0-2: Ball
Passed Ball!
Jerrod Cluck to second
1-2: Foul Ball, location: 2F
1-2: Fly out, F3 (Popup, 3SF, EV 82.5 MPH)
Batting: RHB Ivan Colon 0-0: Ball
1-0: SINGLE (Groundball, 6MD, EV 106.9 MPH)
Jerrod Cluck to third
Runner from 3rd tries for Home, throw by CF and OUT! 8-2
Ivan Colon to second
Batting: RHB Rick Ellis 0-0: Called Strike
0-1: Ground out 3-1 (Groundball, 13, EV 85.6 MPH)
Top of the 5th over - 0 runs, 1 hit, 0 errors, 1 left on base; Jackson 14 - Chattanooga 1
BOTTOM OF THE 5TH
Chattanooga Lookouts batting - Pitching for Jackson Generals : RHP Takaaki Nakada
Batting: LHB Todd Beaver 0-0: Called Strike
0-1: Ball
1-1: Ball
2-1: Ground out 6-3 (Groundball, 6M, EV 105.6 MPH)
Batting: LHB Bill Young 0-0: Foul Ball, location: 2F
0-1: Ball
1-1: Foul Ball, location: 2F
1-2: Foul Ball, location: 2F
1-2: Ball
2-2: Foul Ball, location: 2F
2-2: Ball
3-2: Strikes out looking
Batting: RHB Julian de Reus 0-0: Ball
1-0: Swinging Strike
1-1: SINGLE (Groundball, 34D, EV 96.9 MPH)
Batting: RHB Bobby Paredes 0-0: Called Strike
0-1: Ball
1-1: Ball
2-1: Swinging Strike
2-2: Foul Ball, location: 2F
2-2: Strikes out looking
Bottom of the 5th over - 0 runs, 1 hit, 0 errors, 1 left on base; Jackson 14 - Chattanooga 1
TOP OF THE 6TH
Jackson Generals batting - Pitching for Chattanooga Lookouts : RHP Miguel Verduzco
Batting: LHB Caleb Domino 0-0: Ball
1-0: Ball
2-0: Called Strike
2-1: Ball
3-1: Foul Ball, location: 2F
3-2: Base on Balls
Batting: RHB Malik Brookshire 0-0: Ball
Wild Pitch!
Caleb Domino to second
1-0: Ball
2-0: Called Strike
2-1: Foul Ball, location: 2F
2-2: Ground out 3-1 (Groundball, 3D, EV 108.8 MPH)
Caleb Domino to third
Batting: RHB Harutomi Matsubara 0-0: Called Strike
0-1: Ball
1-1: 2-RUN HOME RUN (Flyball, 8LXD, EV 101.9 MPH), Distance : 411 ft
Batting: RHB Eddie LaRose 0-0: Foul Ball, location: 2F
0-1: Ball
1-1: Fly out, F7 (Flyball, 7S, EV 83.8 MPH)
Batting: RHB Robby Cuellar 0-0: Ball
1-0: Ball
2-0: Called Strike
2-1: Ground out 4-3 (Groundball, 4M, EV 106.9 MPH)
Top of the 6th over - 2 runs, 1 hit, 0 errors, 0 left on base; Jackson 16 - Chattanooga 1
BOTTOM OF THE 6TH
Chattanooga Lookouts batting - Pitching for Jackson Generals : RHP Takaaki Nakada
Batting: LHB Marius Tadini 0-0: Ground out 4-3 (Groundball, 4, EV 85.0 MPH)
Batting: RHB Mike Craver 0-0: Ball
1-0: Called Strike
1-1: Ball
2-1: Swinging Strike
2-2: Ball
3-2: Strikes out swinging
Batting: LHB Israel Montoya 0-0: Ball
1-0: Foul Ball, location: 2F
1-1: Ball
2-1: Swinging Strike
2-2: Foul Ball, location: 2F
2-2: Foul Ball, location: 2F
2-2: SINGLE (Flyball, 78S, EV 90.6 MPH)
Batting: RHB Matt Dunn 0-0: Called Strike
0-1: Called Strike
0-2: Strikes out swinging
Bottom of the 6th over - 0 runs, 1 hit, 0 errors, 1 left on base; Jackson 16 - Chattanooga 1
TOP OF THE 7TH
Jackson Generals batting - Pitching for Chattanooga Lookouts : RHP Miguel Verduzco
Batting: LHB Jerrod Cluck 0-0: Ball
1-0: Called Strike
1-1: Ball
2-1: Ball
3-1: Base on Balls
Pitching: RHP Danny Barajas
Batting: RHB Tony Vargas 0-0: Foul Ball, location: 2F
0-1: Ball
1-1: Ball
2-1: Called Strike
2-2: Foul Ball, location: 2F
2-2: Foul Ball, location: 2F
2-2: Ball
3-2: Base on Balls
Jerrod Cluck to second
Batting: RHB Ivan Colon 0-0: Ball
1-0: Ball
Balk!
Jerrod Cluck to third
Tony Vargas to second
2-0: Ball
3-0: Base on Balls
Batting: RHB Rick Ellis 0-0: Ball
1-0: Ball
2-0: Ball
3-0: Called Strike
3-1: Base on Balls
Jerrod Cluck scores
Tony Vargas to third
Ivan Colon to second
Batting: LHB Caleb Domino 0-0: Foul Ball, location: 2F
0-1: SINGLE (Groundball, 6D, EV 95.6 MPH)
Tony Vargas scores
Ivan Colon to third
Rick Ellis to second
Batting: RHB Malik Brookshire 0-0: Called Strike
0-1: Ball
1-1: Ball
2-1: Ball
3-1: SINGLE (Groundball, 6MD, EV 107.5 MPH)
Ivan Colon scores
Rick Ellis to third
Caleb Domino to second
Runner from 3rd tries for Home, SAFE, throw by CF to home
Batting: RHB Harutomi Matsubara 0-0: Ball
1-0: Ball
2-0: Called Strike
2-1: Ball
3-1: Base on Balls
Caleb Domino to third
Malik Brookshire to second
Pinch Hitting: LHB Cliff Thomas 0-0: Ball
1-0: Swinging Strike
1-1: Ball
2-1: Foul Ball, location: 2F
2-2: Ball
3-2: Base on Balls
Caleb Domino scores
Malik Brookshire to third
Harutomi Matsubara to second
Pitching: LHP Kozo Kanamori
Batting: RHB Robby Cuellar 0-0: Ball
1-0: Ball
2-0: Foul Ball, location: 2F
2-1: Ball
3-1: Foul Ball, location: 2F
3-2: Base on Balls
Malik Brookshire scores
Harutomi Matsubara to third
Cliff Thomas to second
Batting: LHB Jerrod Cluck 0-0: Ball
1-0: Called Strike
1-1: Grounds into TRIPLE play, 5-4 (Groundball, 5L, EV 88.1 MPH)
Top of the 7th over - 6 runs, 2 hits, 0 errors, 1 left on base; Jackson 22 - Chattanooga 1
BOTTOM OF THE 7TH
Chattanooga Lookouts batting - Pitching for Jackson Generals : RHP Takaaki Nakada
Now at 1B: Cliff Thomas
Batting: RHB Isaiah Easter 0-0: Ball
1-0: Fly out, F3 (Popup, 3SF, EV 78.8 MPH)
Batting: LHB Todd Beaver 0-0: Foul Ball, location: 2F
0-1: Ball
1-1: Fly out, F9 (Line Drive, 9, EV 87.5 MPH)
Batting: LHB Bill Young 0-0: Ball
1-0: Ball
2-0: Called Strike
2-1: Fly out, F8 (Flyball, 8RD, EV 101.9 MPH)
Bottom of the 7th over - 0 runs, 0 hits, 0 errors, 0 left on base; Jackson 22 - Chattanooga 1
TOP OF THE 8TH
Jackson Generals batting - Pitching for Chattanooga Lookouts : LHP Kozo Kanamori
Batting: RHB Tony Vargas 0-0: Foul Ball, location: 2F
0-1: Ball
1-1: Foul Ball, location: 2F
1-2: Ball
2-2: SINGLE (Line Drive, 8RS, EV 87.5 MPH)
Batting: RHB Ivan Colon 0-0: SINGLE (Line Drive, 9LM, EV 90.6 MPH)
Tony Vargas to second
Batting: RHB Rick Ellis 0-0: Ball
1-0: Swinging Strike
1-1: Ball
2-1: Ball
3-1: Foul Ball, location: 2F
3-2: Base on Balls
Tony Vargas to third
Ivan Colon to second
Batting: LHB Caleb Domino 0-0: Foul Ball, location: 2F
0-1: Grounds into double play, 4-6-3 (Groundball, 4, EV 81.2 MPH)
Tony Vargas scores
Ivan Colon to third
Batting: RHB Malik Brookshire 0-0: Ball
1-0: Ball
2-0: Called Strike
2-1: Foul Ball, location: 2F
2-2: Foul Ball, location: 2F
2-2: Ground out 1-3 (Groundball, 13S, EV 66.2 MPH)
Top of the 8th over - 1 run, 2 hits, 0 errors, 1 left on base; Jackson 23 - Chattanooga 1
BOTTOM OF THE 8TH
Chattanooga Lookouts batting - Pitching for Jackson Generals : RHP Takaaki Nakada
Batting: RHB Julian de Reus 0-0: SINGLE (Groundball, 34D, EV 98.8 MPH)
Batting: RHB Bobby Paredes 0-0: Called Strike
0-1: Fielders Choice at 2nd, 5-4 (Groundball, 56, EV 82.5 MPH)
Batting: LHB Marius Tadini 0-0: Ball
1-0: Ball
2-0: Foul Ball, location: 2F
2-1: Ball
3-1: Called Strike
3-2: Ground out 4-3 (Groundball, 34D, EV 95.6 MPH)
Bobby Paredes to second
Pitching: RHP Tony Holley
Batting: RHB Mike Craver 0-0: Called Strike
0-1: Ground out 4-3 (Groundball, 34D, EV 105.6 MPH)
Bottom of the 8th over - 0 runs, 1 hit, 0 errors, 1 left on base; Jackson 23 - Chattanooga 1
TOP OF THE 9TH
Jackson Generals batting - Pitching for Chattanooga Lookouts : LHP Kozo Kanamori
Batting: RHB Harutomi Matsubara 0-0: Ball
1-0: Called Strike
1-1: Called Strike
1-2: Ball
2-2: Ball
3-2: Base on Balls
Batting: LHB Cliff Thomas 0-0: Called Strike
0-1: Grounds into double play, 5-4-3 (Groundball, 56, EV 89.4 MPH)
Batting: RHB Robby Cuellar 0-0: Called Strike
0-1: Swinging Strike
0-2: Foul Ball, location: 2F
0-2: DOUBLE (Line Drive, 9LM, EV 109.4 MPH)
Pitching: RHP Masaichi Tokunaga
Batting: LHB Jerrod Cluck 0-0: Fly out, F8 (Flyball, 8RD, EV 98.1 MPH)
Top of the 9th over - 0 runs, 1 hit, 0 errors, 1 left on base; Jackson 23 - Chattanooga 1
BOTTOM OF THE 9TH
Chattanooga Lookouts batting - Pitching for Jackson Generals : RHP Tony Holley
Batting: LHB Israel Montoya 0-0: Ball
1-0: Ball
2-0: Ball
3-0: Called Strike
3-1: Swinging Strike
3-2: Strikes out swinging
Batting: RHB Matt Dunn 0-0: Swinging Strike
0-1: Fly out, F2 (Popup, 23F, EV 92.5 MPH)
Batting: RHB Isaiah Easter 0-0: Ball
1-0: Called Strike
1-1: Ball
2-1: Ball
3-1: Base on Balls
Batting: LHB Todd Beaver 0-0: Called Strike
0-1: Ball
1-1: Called Strike
1-2: Ball
2-2: Strikes out swinging
Bottom of the 9th over - 0 runs, 0 hits, 0 errors, 1 left on base; Jackson 23 - Chattanooga 1
Wednesday, June 22nd , 2022 - OOTP Baseball 23.4 Build 64